 Dungeon Crawl Stone Soup version 0.18.1-50-g88ac8fd (webtiles) character file.

31 Chiseanne the Gusty (level 3, -1/26 HPs)
             Began as a Centaur Air Elementalist on Oct 7, 2016.
             Slain by Terence
             ... wielding a +0 trident
              (9 damage)
             ... on level 2 of the Dungeon.
             The game lasted 00:05:38 (2682 turns).

Chiseanne the Gusty (Centaur Air Elementalist)      Turns: 2682, Time: 00:05:39

Health: -1/26      AC:  4    Str: 15    XL:     3   Next: 7%
Magic:  0/5        EV: 15    Int: 15    God:
Gold:   149        SH:  0    Dex:  9    Spells: 1 memorised, 4 levels left

rFire  . . .     SeeInvis .     e - -2 club (curse)
rCold  . . .     Gourm    .     a - +0 robe
rNeg   . . .     Faith    .     (no shield)
rPois  .         Spirit   .     (no helmet)
rElec  .         Dismiss  .     (no cloak)
rCorr  .         Reflect  .     (no gloves)
SustAt .         Harm     .     (no barding)
MR     .....                    (no amulet)
Stlth  +.........               (no ring)
                                d - +6 ring of evasion

@: mighty, very slightly contaminated, very quick, not resistant to hostile
enchantments, very unstealthy
A: hooves 3, deformed body, speed 2, tough skin 3
a: no special abilities


You were on level 2 of the Dungeon.
You were not hungry.

You visited 1 branch of the dungeon, and saw 2 of its levels.

You collected 149 gold pieces.

Inventory:

Hand Weapons
 e - a cursed -2 club (weapon)
 m - a cursed -1 short sword
 p - a +0 hand axe
Missiles
 f - 16 sling bullets
 g - 15 arrows
 h - 5 tomahawks (quivered)
 i - 24 stones
 l - 15 bolts
 n - 14 poisoned needles
Armour
 a - a +0 robe (worn)
Jewellery
 d - a +6 ring of evasion (left hand)
Potions
 j - a potion of might
Books
 b - a book of Air

   Spells                             Type                      Level
   a - Shock                          Conjuration/Air              1
   b - Swiftness                      Charms/Air                   2
   c - Repel Missiles                 Charms/Air                   2
   d - Static Discharge               Conjuration/Air              3
   e - Lightning Bolt                 Conjuration/Air              5
Comestibles
 c - a bread ration
 k - 2 meat rations


   Skills:
 - Level 1.3 Dodging
 - Level 1.2 Stealth
 * Level 1.9 Spellcasting
 * Level 1.8 Conjurations
 * Level 3.1 Air Magic


You had 4 spell levels left.
You knew the following spells:

 Your Spells              Type           Power        Failure   Level  Hunger
a - Shock                 Conj/Air       #...         12%         1    ##.....


Dungeon Overview and Level Annotations

Branches:
Dungeon (2/15)

Altars:
Pakellas

Annotations:
D:2 Terence


Innate Abilities, Weirdness & Mutations

You have hooves in place of feet.
Armour fits poorly on your strangely shaped body.
You cover ground very quickly.
You have extremely tough skin (AC +3).


Message History

Aiming: Shock
Press: ? - help, Shift-Dir - straight line, f/p - Terence
Aim: Terence, wielding a trident, wearing a scale mail and carrying a wand of flame {zapped: 8} The zap hits Terence.
Terence is lightly wounded.
Terence zaps a wand.
The puff of flame misses you.
Casting: Shock
Confirm with . or Enter, or press ? or * to list all spells.
You don't have enough magic to cast that spell.
You hit Terence but do no damage. You kick Terence.
Terence is moderately wounded.
Terence misses you.
You hit Terence but do no damage. You kick Terence.
Terence is heavily wounded.
Terence hits you with a trident.
Terence zaps a wand.
The puff of flame hits you!
You hit Terence but do no damage.
Terence is heavily wounded.
Terence hits you with a trident!
You die...

## #.....# .###### #.....#
......# #.....##### ......#
######.........#
......########...####.......#
...#..^......#...# #.......#
..#.#........#...# #.......#
.#...#.......#...# #.......#
#.._..#......#..@####.......#
.......#.....'...@..........#
#########....########.......#
...........### #######.#####
.....###...# #.#.... ######
##### #.#.### #.#.# #.#.#
#.#.#


You could see Terence.

Vanquished Creatures
  A dart slug (D:1)
  A giant gecko (D:1)
  4 bats
  A giant cockroach (D:2)
  2 goblins
  5 hobgoblins
  2 jackals (D:2)
  3 kobolds (D:1)
  4 giant newts
  4 rats
27 creatures vanquished.

Notes
Turn   | Place    | Note
--------------------------------------------------------------
     0 | D:1      | Chiseanne the Centaur Air Elementalist began the quest for the Orb.
     0 | D:1      | Reached XP level 1. HP: 14/14 MP: 3/3
   115 | D:1      | Reached skill level 1 in Conjurations
   660 | D:1      | Reached XP level 2. HP: 20/20 MP: 2/4
  1461 | D:1      | Reached skill level 3 in Air Magic
  1829 | D:2      | Found an oddly glowing altar of Pakellas.
  1963 | D:2      | Reached XP level 3. HP: 26/26 MP: 1/5
  2065 | D:2      | Noticed Terence
  2682 | D:2      | Slain by Terence

Skill      XL: |  1  2 |
---------------+-------+-----
Conjurations   | 1 |  1.8
Air Magic      | 3 |  3.1
Dodging        | |  1.3
Stealth        | |  1.2
Spellcasting   | |  1.9

Action                   || total
-------------------------++-------
Melee: Club              ||    45
       Kick              ||     7
 Cast: Shock             ||    64
  Use: Potion            ||     4
       Scroll            ||     1
  Eat: Bread ration      ||     1
       Chunk             ||     2
Armor: Robe              ||    22
Dodge: Dodged            ||    73
